 Dungeon Crawl Stone Soup version 0.22.1-2-g9c5b331383 (webtiles) character file.

144 H0rd4k the Charlatan (level 5, -4/38 HPs)
             Began as a Human Artificer on Dec 12, 2018.
             Splashed by Ijyb's acid (14 damage)
             ... on level 3 of the Dungeon.
             The game lasted 00:04:39 (3412 turns).

H0rd4k the Charlatan (Human Artificer)              Turns: 3412, Time: 00:04:42

Health: -4/38      AC:  3    Str: 12    XL:     5   Next: 51%
Magic:  7/7        EV: 12    Int: 12    God:
Gold:   62         SH:  0    Dex: 14    Spells: 4/4 levels left

rFire    . . .     SeeInvis .   a - +0 short sword
rCold    . . .     Gourm    .   (no shield)
rNeg     . . .     Faith    .   b - +0 leather armour
rPois    .         Spirit   .   (no helmet)
rElec    .         Reflect  .   (no cloak)
rCorr    .         Harm     .   (no gloves)
MR       .....                  (no boots)
Stlth    ++........             (no amulet)
HPRegen  0.12/turn              (no ring)
MPRegen  0.10/turn              (no ring)

@: no status effects
A: no striking features
a: no special abilities


You were on level 3 of the Dungeon.
You were not hungry.

You visited 1 branch of the dungeon, and saw 3 of its levels.

You collected 62 gold pieces.

Inventory:

Hand Weapons
 a - a +0 short sword (weapon)
Missiles
 l - 46 bolts
 u - 27 arrows
Armour
 b - a +0 leather armour (worn)
 q - a +2 cloak
 w - a +0 helmet
Jewellery
 r - an uncursed ring of protection from magic {unknown}
 x - a cursed amulet of the acrobat {unknown}
Wands
 c - a wand of flame (4)
 d - a wand of enslavement (15)
 e - a wand of random effects (13)
 m - a wand of acid (6)
Scrolls
 g - a scroll of blinking {unknown}
 h - a scroll of teleportation {unknown}
 i - a scroll of magic mapping {unknown}
 n - 4 scrolls of enchant weapon {unknown}
 s - 2 scrolls of identify {unknown}
 t - 4 scrolls of remove curse {unknown}
Potions
 j - a potion of heal wounds {unknown}
 k - a potion of resistance {unknown}
 o - a potion of ambrosia {unknown}
 p - 2 potions of curing {unknown}
 v - a potion of flight {unknown}
Comestibles
 f - a ration


   Skills:
 + Level 1.9 Fighting
 + Level 3.0 Short Blades
 + Level 1.6 Armour
 + Level 2.7 Dodging
 + Level 1.2 Stealth
 + Level 3.5 Evocations


You had 4 spell levels left.
You didn't know any spells.
Your spell library was empty.

Dungeon Overview and Level Annotations

Branches:
Dungeon (3/15)

Altars:
Ashenzari
Gozag

Annotations:
D:1 exclusion: downstairs
D:3 Ijyb


Message History

The quokka misses you.
You closely miss the quokka.
The quokka bites you but does no damage.
The quokka closely misses you.
You closely miss the quokka. The quokka bites you.
You closely miss the quokka. The quokka barely misses you.
You hit the quokka.
The quokka is almost dead.
The quokka barely misses you.
You hit the quokka.
You kill the quokka!
You see here a quokka corpse.
Found a ration.
Found a stone staircase leading up.
Ijyb the Twisted Goblin comes into view.
She is wielding a dagger of venom.
Ijyb shouts!
Ijyb zaps a wand.
The bolt of acid hits you!
Ouch! That really hurt!
* * * LOW HITPOINT WARNING * * *
You are splashed with acid!
The acid burns!
You die...

...... ...... ..# ......
...... # #.<# ......
...... .# ...####....
#.....####g #..##......
#...#.... #...#.....#
###....#.#####.#.#.....#
............##.........#
#@...............#
#####............÷
###..†.......#
#.#........#
#.#.........
........#####
#..##.#####... .......#
#... ......## #...


You could see Ijyb.

Vanquished Creatures
  4 adders
  3 gnolls (D:2)
  An adder zombie (D:3)
  3 worms
  2 dart slugs
  3 leopard geckos
  4 orcs
  4 bats
  2 giant cockroaches (D:1)
  4 goblins
  4 hobgoblins
  7 jackals (D:2)
  8 kobolds
  2 quokkas
  3 frilled lizards
  4 rats
58 creatures vanquished.

Notes
Turn   | Place    | Note
-------+----------+-------------------------------------------
     0 | D:1      | H0rd4k the Human Artificer began the quest for the Orb.
     0 | D:1      | Reached XP level 1. HP: 15/15 MP: 3/3
    45 | D:1      | Reached XP level 2. HP: 4/21 MP: 4/4
  1212 | D:2      | Reached XP level 3. HP: 16/26 MP: 5/5
  1438 | D:2      | Found a shattered altar of Ashenzari.
  1842 | D:2      | Reached XP level 4. HP: 19/32 MP: 6/6
  2477 | D:2      | Reached skill level 1 in Armour
  2477 | D:2      | Reached XP level 5. HP: 23/38 MP: 7/7
  3124 | D:3      | Found an opulent altar of Gozag.
  3412 | D:3      | Noticed Ijyb
  3412 | D:3      | Splashed by Ijyb's acid

Skill      XL: |  1  2  3  4  5 |
---------------+----------------+-----
Short Blades   | 2 3 |  3.0
Armour         | 1 |  1.6
Fighting       | |  1.9
Dodging        | |  2.7
Stealth        | |  1.2
Evocations     | |  3.5

Action                   |  1- 3 |  4- 6 || total
-------------------------+-------+-------++-------
Melee: Short sword       |   119 |   198 ||   317
Evoke: Wand              |     7 |     6 ||    13
 Stab: Sleeping          |     1 |     3 ||     4
       Distracted        |       |     1 ||     1
  Eat: Chunk             |     2 |     3 ||     5
       Ration            |       |     1 ||     1
Armor: Leather armour    |    39 |    30 ||    69
Dodge: Dodged            |    87 |   110 ||   197
